 Dungeon Sprint DCSS version 0.20.1-1-g8b1a95d (webtiles) character file.

1161 potatolord6000 the Covert (level 8, 0/80 HPs)
             Began as a Deep Dwarf Fighter on Aug 25, 2017.
             Was an Initiate of Qazlal.
             Slain by Josephine
             ... wielding a +0 dagger
              (1 damage)
             ... in the Dungeon (Sprint III: "The Ten Rune Challenge").
             The game lasted 00:03:55 (406 turns).

potatolord6000 the Covert (Deep Dwarf Fighter)       Turns: 406, Time: 00:03:56

Health: 0/80       AC: 10    Str: 22    XL:     8   Next: 16%
Magic:  15/15      EV:  8    Int:  9    God:    Qazlal [......]
Gold:   41         SH: 11    Dex: 12    Spells: 19/19 levels left

rFire    . . .     SeeInvis .   d - +1 long sword (holy)
rCold    . . .     Gourm    .   c - +0 shield
rNeg     . . .     Faith    .   b - +0 scale mail
rPois    .         Spirit   .   h - +0 hat
rElec    .         Reflect  .   (no cloak)
rCorr    .         Harm     .   (no gloves)
MR       ++...     Clarity  +   (no boots) Stlth +++.......NoTele +
                                (no amulet)
Regen    0.0/turn               (no ring)
MPRegen  0.2/turn               (no ring)

@: berserk cooldown, flying, non-regenerating, slowed, very slow
A: damage resistance, heal wounds, iridescent scales 1, clarity, magic
resistance 1, sense surroundings 1, no regeneration
a: Heal Wounds, Renounce Religion


You were in the Dungeon.
You worshipped Qazlal.
Qazlal was noncommittal.
You were not hungry.

You visited 1 branch You collected 41 gold pieces.

Inventory:

Hand Weapons
 d - a +1 long sword of holy wrath (weapon)
Armour
 b - a +0 scale mail (worn)
 c - a +0 shield (worn)
 h - a +0 hat (worn)
Scrolls
 k - a scroll of blinking
 l - 2 scrolls of holy word {unknown}
 m - 3 scrolls of identify
 n - 3 scrolls of remove curse
Potions
 e - a potion of curing
 i - 2 potions of magic
 o - 3 potions of flight
Books
 a - a book of Misfortune

   Spells                             Type                      Level
   a - Confusing Touch                Hexes                        1
   b - Confuse                        Hexes                        3
   c - Gell's Gravitas                Translocation                3
   d - Petrify                        Transmutation/Earth          4
   e - Metabolic Englaciation         Hexes/Ice                    5
   f - Yara's Violent Unravelling     Hexes/Transmutation          5
Comestibles
 f - 2 bread rations
 p - a fruit
 q - a royal jelly


   Skills:
 + Level 7.3 Fighting
 + Level 7.6 Long Blades
 + Level 8.8 Armour
 + Level 9.5 Stealth
 + Level 8.8 Shields
 + Level 6.0 Spellcasting


You had 19 spell levels left.
You didn't know any spells.

Dungeon Overview and Level Annotations

Branches:
Dungeon (1/1)

Altars:
Cheibriados
Dithmenos
Elyvilon
Fedhas
Gozag
Hepliaklqana
Kikubaaqudgha
Makhleb
Nemelex Xobeh
Okawaru
Qazlal
Ru
Sif Muna
Trog
Uskayaw
Vehumet
Xom
Yredelemnul
Zin
The Shining One
Beogh
Jiyva
Lugonu

Annotations:
D Josephine


Innate Abilities, Weirdness & Mutations

You are resistant to damage.
You can heal yourself by infusing magical energy.
You passively map a small area around you.
You do not regenerate.
You are partially covered in iridescent scales. (AC +2)
You possess an exceptional clarity of mind.
You are resistant to hostile enchantments. (MR+)


Message History

The orc high priest no longer looks unusually strong.
You block the orc knight's attack. You block Josephine's attack.
The orc moves out of view.
Josephine hits you but does no damage.
The orc knight roars a battlecry!
The orcs go into a battle-frenzy!
You hit the orc knight.
The orc knight is almost dead.
The orc sorcerer no longer looks unusually strong.
Josephine hits you but does no damage.
The orc knight hits you with a long sword!!
* * * LOW HITPOINT WARNING * * *
You block Josephine's attack.
You fail to use your ability.
The orc high priest calls down the wrath of Beogh upon you.
Beogh smites you!
* * * LOW HITPOINT WARNING * * *
The orc knight roars a battlecry!
The orc sorcerer goes into a battle-frenzy!
Josephine hits you with a dagger.
You die...

▓▓▓ * *▓▓
##.############ #$###*
*
##..#___#___#__##ooo$
, .#..#)..#†_)#/_#4ooo
* .#..###'#+###+##3o4
o , +#..#..........#o3
#!..'.⌠........#o# *
#...#...######'#@#
....#.⌠.#v_#...#@#####
....#...#__#...#..≈≈≈+
....#+###__#...#.#§§§#
,
....#.))#__#...'.#§§§#
, ....#___#__+...#.#
..# ▓▓▓▓▓▓▓▓▓▓▓▓▓▓▓▓▓▓
▓▓▓ ** , * ≈≈≈ , , ≈ ,
≈≈ *+ ≈≈≈ ≈


You could see Josephine, an orc knight, 2 orc high priests, 2 hellwings, 2
sixfirhies, an orc sorcerer and 5 orcs.

Vanquished Creatures
  A deep elf mage (D)
  A shadow (D)
  A necrophage (D)
  A water elemental (D)
  A scorpion (D)
  A jelly (D)
  A wizard (D)
  Jessica (D)
  A necromancer (D)
  3 humans (D)
  A kobold demonologist (D)
  An ooze (D)
  2 rats (D)
16 creatures vanquished.

Vanquished Creatures (others)
  2 draconian scorchers (D)
  6 hellions (D)
  A yaktaur (D)
9 creatures vanquished.

Grand Total: 25 creatures vanquished

Notes
Turn   | Place    | Note
-------+----------+-------------------------------------------
     0 | D        | potatolord6000 the Deep Dwarf Fighter began the quest for the Orb.
     0 | D        | Reached XP level 1. HP: 20/20 MP: 1/1
    17 | D        | Reached skill level 1 in Stealth
    42 | D        | Noticed Jessica
    53 | D        | Killed Jessica
    53 | D        | Reached skill level 3 in Stealth
    53 | D        | Reached skill level 1 in Spellcasting
    53 | D        | Reached XP level 2. HP: 23/28 MP: 2/4
    53 | D        | Reached XP level 3. HP: 29/34 MP: 2/5
    62 | D        | Noticed a scorpion
    68 | D        | Killed a scorpion
    68 | D        | Reached skill level 4 in Stealth
    68 | D        | Reached skill level 5 in Shields
    68 | D        | Reached XP level 4. HP: 37/44 MP: 3/7
    75 | D        | Killed a hellion
    82 | D        | Reached skill level 5 in Armour
    89 | D        | Noticed a water elemental
    94 | D        | Killed a water elemental
    94 | D        | Reached skill level 5 in Stealth
    94 | D        | Reached XP level 5. HP: 40/51 MP: 5/9
    99 | D        | Found a glowing silver altar of Zin.
    99 | D        | Found a glowing golden altar of the Shining One.
    99 | D        | Found a white marble altar of Elyvilon.
   100 | D        | Noticed a deep elf mage
   113 | D        | Killed a deep elf mage
   113 | D        | Reached skill level 8 in Stealth
   113 | D        | Reached skill level 5 in Spellcasting
   113 | D        | Reached XP level 6. HP: 41/62 MP: 7/13
   113 | D        | Reached XP level 7. HP: 46/69 MP: 7/14
   130 | D        | Found a radiant altar of Vehumet.
   130 | D        | Found a deep blue altar of Sif Muna.
   130 | D        | Found an ancient bone altar of Kikubaaqudgha.
   136 | D        | Killed a hellion
   136 | D        | Killed a hellion
   137 | D        | Killed a hellion
   159 | D        | Killed a white draconian scorcher
   166 | D        | Gained mutation: Your spells are a little harder to cast, but a little more powerful. [potion of mutation]
   166 | D        | Gained mutation: You have a pair of small horns on your head. [potion of mutation]
   167 | D        | Lost mutation: Your spells are a little harder to cast, but a little more powerful. [potion of mutation]
   167 | D        | Lost mutation: You have a pair of small horns on your head. [potion of mutation]
   167 | D        | Gained mutation: You are clumsy. (Dex -2) [potion of mutation]
   167 | D        | Lost mutation: You are clumsy. (Dex -2) [potion of mutation]
   168 | D        | Gained mutation: You are resistant to hostile enchantments. (MR+) [potion of mutation]
   168 | D        | Gained mutation: You are partially covered in iridescent scales. (AC +2) [potion of mutation]
   168 | D        | Gained mutation: You possess an exceptional clarity of mind. [potion of mutation]
   179 | D        | Found a roughly hewn altar of Beogh.
   179 | D        | Found an iron altar of Okawaru.
   179 | D        | Found a bloodstained altar of Trog.
   179 | D        | Found a hide-covered altar of Uskayaw.
   179 | D        | Noticed a human
   180 | D        | Noticed a human
   188 | D        | Killed a human
   195 | D        | Killed a white draconian scorcher
   207 | D        | Killed a human
   207 | D        | Reached skill level 9 in Stealth
   219 | D        | Killed a yaktaur
   233 | D        | Found a basalt altar of Yredelemnul.
   233 | D        | Found a shadowy altar of Dithmenos.
   233 | D        | Found a sacrificial altar of Ru.
   340 | D        | Noticed a shadow
   349 | D        | Killed a shadow
   349 | D        | Reached XP level 8. HP: 43/80 MP: 14/16
   360 | D        | Found a blossoming altar of Fedhas.
   360 | D        | Found a stormy altar of Qazlal.
   360 | D        | Found a snail-covered altar of Cheibriados.
   360 | D        | Found a burning altar of Makhleb.
   360 | D        | Found a shimmering altar of Xom.
   361 | D        | Found a hazy altar of Hepliaklqana.
   361 | D        | Found an opulent altar of Gozag.
   361 | D        | Found a sparkling altar of Nemelex Xobeh.
   361 | D        | Found a corrupted altar of Lugonu.
   361 | D        | Found a viscous altar of Jiyva.
   364 | D        | Became a worshipper of Qazlal Stormbringer
   381 | D        | Noticed an orc knight
   381 | D        | Noticed Josephine
   386 | D        | Noticed an orc knight
   386 | D        | Noticed an orc sorcerer
   386 | D        | Noticed an orc high priest
   390 | D        | Noticed a sixfirhy
   390 | D        | Killed a hellion
   391 | D        | Noticed a sixfirhy
   391 | D        | Noticed a hellwing
   394 | D        | Noticed a hellwing
   401 | D        | Noticed an orc high priest
   402 | D        | Killed a hellion
   406 | D        | HP: 1/80 [orc high priest/divine providence (11)]
   406 | D        | Slain by Josephine

Skill      XL: |  1  2  3  4  5  6  7 |
---------------+----------------------+-----
Fighting       | 3 4 6 7 |  7.3
Stealth        | 3 4 5 8 9 |  9.5
Long Blades    | 3 4 6 7 |  7.6
Armour         | 4 5 7 8 |  8.8
Shields        | 4 5 7 8 |  8.8
Spellcasting   | 1 2 3 5 6 |  6.0

Action                   |  1- 3 |  4- 6 |  7- 9 || total
-------------------------+-------+-------+-------++-------
Melee: Long sword        |    20 |    28 |    61 ||   109
 Abil: Heal Wounds       |       |       |     5 ||     5
  Use: Potion            |     1 |     1 |     7 ||     9
 Stab: Sleeping          |       |       |     3 ||     3
Armor: Scale mail        |     4 |     5 |    20 ||    29
Dodge: Dodged            |     6 |     3 |    18 ||    27
Block: Shield            |    13 |    10 |    36 ||    59
       Rpst.: Long sword |     3 |     2 |     4 ||     9
